 Dungeon Crawl Stone Soup version 0.14-a0-2679-gcb94c3d (webtiles) character file.

154 CrazyArbalest the Bolt Thrower (level 4, -7/32 HPs)
             Began as a Demonspawn Hunter on Feb 17, 2014.
             Killed from afar by an orc wizard (9 damage)
             ... with a magic dart
             ... on Level 3 of the Dungeon.
             The game lasted 00:11:27 (3094 turns).

CrazyArbalest the Bolt Thrower (Demonspawn Hunter)  Turns: 3094, Time: 00:11:28

HP  -7/32        AC  3     Str 13      XL: 4   Next: 36%
MP   4/4         EV 11     Int 12      God:
Gold 61          SH  0     Dex 14      Spells:  0 memorised,  3 levels left

rFire  . . .     SeeInvis .     b - +1 crossbow
rCold  . . .     Clarity  .     k - +0 leather armour
rNeg   . . .     Conserve .     (no shield)
rPois  .         rCorr    .     (no helmet)
rElec  .         rRot     .     (no cloak)
SustAb . .       Spirit   .     (no gloves)
rMut   .         Warding  .     (no boots)
Saprov . . .     Stasis   .     (no amulet)
MR     .....                    v - ring of sustenance
                                n - ring of teleport control

@: not resistant to hostile enchantments, unstealthy
A: powered by death 1
a: Evoke Teleport Control


You were on level 3 of the Dungeon.
You were not hungry.

You visited 1 branch of the dungeon, and saw 3 of its levels.

You collected 61 gold pieces.

Inventory:

Hand weapons
 a - a +0,+0 short sword
 b - a +1,+1 crossbow (weapon)
 g - a +0,+2 whip
 s - a +0,+0 whip
 y - a +0,+0 whip
Missiles
 c - 40 bolts (quivered)
Armour
 d - a +0 leather armour
 k - a +0 leather armour (worn)
Comestibles
 f - 2 bread rations
 j - 4 meat rations
 r - 2 pears
 t - a beef jerky
 w - a chunk of adder flesh
 x - 2 rotting chunks of goblin flesh
 z - a rotting chunk of giant cockroach flesh
Scrolls
 h - a scroll of enchant weapon II {unknown}
 i - a scroll of noise {unknown}
 l - 3 scrolls of teleportation {unknown}
 o - a scroll of blinking {unknown}
 q - a scroll of random uselessness {unknown}
Jewellery
 m - an uncursed amulet of warding {unknown}
 n - a ring of teleport control (left hand)
 v - a ring of sustenance (right hand)
Potions
 e - a potion of cure mutation {unknown}
 p - a potion of might {unknown}
 u - a potion of curing {unknown}
 A - a potion of lignification {unknown}


   Skills:
 + Level 1.2 Fighting
 + Level 0.1 Maces & Flails
 * Level 4.5 Crossbows
 + Level 1.6 Armour
 + Level 2.4 Dodging
 + Level 0.8 Stealth


You had 3 spell levels left.
You didn't know any spells.

Dungeon Overview and Level Annotations

Branches:
Dungeon (3/16)

Altars:
Cheibriados
Dithmenos
Sif Muna


Innate Abilities, Weirdness & Mutations

You can steal the life force of nearby defeated enemies.


Message History

The orc wizard blinks!
The orc wizard closely misses you.
You hit the orc wizard but do no damage.
The orc wizard is moderately wounded.
The orc wizard gestures at you while chanting.
The magic dart hits you!
You closely miss the orc wizard.
The orc wizard is moderately wounded.
The orc wizard closely misses you. The orc wizard casts a spell at you.
The magic dart hits you!
* * * LOW HITPOINT WARNING * * *
Drink which item? (? for menu, Esc to quit)
Okay, then.
Unknown command.
Wield which item (- for none, * to show all)? (? for menu, Esc to quit)
b - a +1,+1 crossbow (weapon)
The orc wizard casts a spell at you. The magic dart hits you!
You die...

#..# ####..#
######.....# #
##......##.#...# #
#......###.# ## #
#######..###.# #..
#####.........##.#
####
..............##o#####
.###..##########@....#
.....(######..##.....#
......#.≈..#8..#.....#
......#o≈..'._.......#
..##.##.≈..#8..#.....#
......######..########
#.######## #### #.#
#.# #.# #.#


You could see an orc wizard.

Vanquished Creatures
  Ijyb (D:2)
  2 adders
  A giant mite (D:3)
  4 giant cockroaches
  8 hobgoblins
  4 jackals
  7 bats
  A giant gecko (D:1)
  5 giant newts
  9 goblins
  8 kobolds
  6 rats
56 creatures vanquished.

Notes
Turn   | Place    | Note
--------------------------------------------------------------
     0 | D:1      | CrazyArbalest, the Demonspawn Hunter, began the quest for the Orb.
     0 | D:1      | Reached XP level 1. HP: 15/15 MP: 1/1
   426 | D:1      | Reached skill level 4 in Crossbows
   585 | D:1      | Gained mutation: You can steal the life force of nearby defeated enemies. [demonic ancestry]
   585 | D:1      | Reached XP level 2. HP: 21/21 MP: 2/2
  1204 | D:2      | Noticed Ijyb
  1245 | D:2      | Killed Ijyb
  1245 | D:2      | Reached XP level 3. HP: 4/26 MP: 3/3
  1536 | D:2      | Reached skill level 1 in Armour
  1740 | D:2      | Found a shadowy altar of Dithmenos.
  2427 | D:2      | Reached XP level 4. HP: 24/32 MP: 4/4
  2509 | D:2      | Found a snail-covered altar of Cheibriados.
  3068 | D:3      | Found a deep blue altar of Sif Muna.
  3094 | D:3      | Killed from afar by an orc wizard

Action                   |  1- 3 |  4- 6 || total
-------------------------+-------+-------++-------
Melee: Short sword       |    28 |       ||    28
       Whip              |   165 |    50 ||   215
 Fire: Crossbow          |     3 |       ||     3
  Use: Scroll            |     1 |       ||     1
 Stab: Sleeping          |     1 |     2 ||     3
